EVO
WICHITA STATE UNIVERSITY SHOCKERS @ CLEMSON UNIVERSITY TIGERS
09/06/2049
 
TOP OF THE 1ST
Wichita State University Shockers batting - Pitching for Clemson University Tigers : RHP Quintin Duncombe
Pitching: RHP Quintin Duncombe
Batting: RHB Kyle Gill 0-0: Called Strike
0-1: Foul Ball, location: 2F
0-2: SINGLE (Groundball, 34S, EV 69.4 MPH) (infield hit)
Batting: RHB Byron Whitehead 0-0: Called Strike
0-1: Swinging Strike
0-2: Ball
1-2: Ball
2-2: SINGLE (Groundball, 5L, EV 95.6 MPH)
Kyle Gill to second
Batting: LHB Carlos Flores 0-0: Called Strike
0-1: SINGLE (Line Drive, 8LS, EV 85.6 MPH)
Kyle Gill to third
Byron Whitehead to second
Batting: RHB Jason Adelstein 0-0: Called Strike
0-1: Ball
1-1: TRIPLE (Line Drive, 8LXD, EV 106.9 MPH)
Kyle Gill scores
Byron Whitehead scores
Carlos Flores scores
Batting: RHB Lucio Baratta 0-0: Ball
1-0: Foul Ball, location: 2F
1-1: SINGLE (Groundball, 34D, EV 109.4 MPH)
Jason Adelstein scores
Batting: RHB Jeff Grant 0-0: Ball
1-0: Ball
2-0: Foul Ball, location: 2F
2-1: Ball
3-1: Called Strike
3-2: Strikes out swinging
Batting: LHB Kyle Lee 0-0: Ball
1-0: SINGLE (Line Drive, 7LS, EV 104.4 MPH)
Lucio Baratta to second
Batting: SHB Mike Chafe 0-0: Foul Ball, location: 2F
0-1: Ball
1-1: Called Strike
1-2: Strikes out swinging
Batting: SHB Peter Faggard 0-0: Ball
1-0: Ball
2-0: Called Strike
2-1: Fielders Choice at 2nd, U6 (Groundball, 6M, EV 102.5 MPH)
Top of the 1st over - 4 runs, 6 hits, 0 errors, 2 left on base; Wichita State University 4 - Clemson University 0
BOTTOM OF THE 1ST
Clemson University Tigers batting - Pitching for Wichita State University Shockers : RHP Kyle Gray
Pitching: RHP Kyle Gray
Batting: LHB Steve Gates 0-0: Ground out 4-3 (Groundball, 4M, EV 103.8 MPH)
Batting: LHB Santiago Carrillo 0-0: Called Strike
0-1: Ball
1-1: Foul Ball, location: 2F
1-2: Ball
2-2: Strikes out swinging
Batting: RHB Marco Maggs 0-0: Called Strike
0-1: Foul Ball, location: 2F
0-2: Ball
1-2: Strikes out swinging
Bottom of the 1st over - 0 runs, 0 hits, 0 errors, 0 left on base; Wichita State University 4 - Clemson University 0
TOP OF THE 2ND
Wichita State University Shockers batting - Pitching for Clemson University Tigers : RHP Quintin Duncombe
Batting: RHB Kyle Gill 0-0: Ball
1-0: SINGLE (Groundball, 56D, EV 103.1 MPH)
Batting: RHB Byron Whitehead 0-0: Foul Ball, location: 2F
0-1: Ball
Kyle Gill is caught stealing 2nd base 2-4
1-1: Hit by Pitch
Pinch Runner at 1st Alex Zeledon:
Batting: LHB Carlos Flores 0-0: Called Strike
0-1: Swinging Strike
0-2: Strikes out swinging
Batting: RHB Jason Adelstein 0-0: Foul Ball, location: 2F
0-1: Ball
1-1: 2-RUN HOME RUN (Line Drive, 9D, EV 101.2 MPH), Distance : 391 ft
Batting: RHB Lucio Baratta 0-0: Foul Ball, location: 2F
0-1: Swinging Strike
0-2: Strikes out swinging
Top of the 2nd over - 2 runs, 2 hits, 0 errors, 0 left on base; Wichita State University 6 - Clemson University 0
BOTTOM OF THE 2ND
Clemson University Tigers batting - Pitching for Wichita State University Shockers : RHP Kyle Gray
Now at 2B: Alex Zeledon
Batting: RHB Josh LeSage 0-0: Ball
1-0: Ball
2-0: Called Strike
2-1: Swinging Strike
2-2: Ball
3-2: Foul Ball, location: 2F
3-2: Strikes out swinging
Batting: LHB Jochen Salt 0-0: Ball
1-0: Swinging Strike
1-1: Ball
2-1: SINGLE (Groundball, 4MD, EV 96.9 MPH)
Batting: RHB Jason Duncan 0-0: Called Strike
0-1: Ball
1-1: 2-RUN HOME RUN (Flyball, 7D, EV 99.4 MPH), Distance : 368 ft
Batting: LHB Alfredo Padilla 0-0: Ball
1-0: Swinging Strike
1-1: Foul Ball, location: 2F
1-2: Foul Ball, location: 2F
1-2: Foul Ball, location: 2F
1-2: Ball
2-2: Fly out, F8 (Flyball, 8RM, EV 88.8 MPH)
Batting: RHB Willis Suarez 0-0: Ball
1-0: Called Strike
1-1: Ball
2-1: Fly out, F8 (Flyball, 8RD, EV 95.6 MPH)
Bottom of the 2nd over - 2 runs, 2 hits, 0 errors, 0 left on base; Wichita State University 6 - Clemson University 2
TOP OF THE 3RD
Wichita State University Shockers batting - Pitching for Clemson University Tigers : RHP Quintin Duncombe
Batting: RHB Jeff Grant 0-0: Foul Ball, location: 2F
0-1: Foul Ball, location: 2F
0-2: Ground out 5-3 (Groundball, 5, EV 85.0 MPH)
Batting: LHB Kyle Lee 0-0: Foul Ball, location: 2F
0-1: Foul Ball, location: 2F
0-2: Ball
1-2: Foul Ball, location: 2F
1-2: Ball
2-2: Ball
3-2: Strikes out swinging
Batting: SHB Mike Chafe 0-0: Ball
1-0: Swinging Strike
1-1: Ball
2-1: Ball
3-1: Called Strike
3-2: Strikes out swinging, 2-3 out at first.
Top of the 3rd over - 0 runs, 0 hits, 0 errors, 0 left on base; Wichita State University 6 - Clemson University 2
BOTTOM OF THE 3RD
Clemson University Tigers batting - Pitching for Wichita State University Shockers : RHP Kyle Gray
Batting: RHB Danny Gutierrez 0-0: Ball
1-0: Ball
2-0: Called Strike
2-1: Ball
3-1: Foul Ball, location: 2F
3-2: SINGLE (Line Drive, 8RS, EV 100.0 MPH)
Batting: LHB Steve Gates 0-0: Fielders Choice at 2nd, 3-6 (Groundball, 3, EV 91.2 MPH)
Batting: LHB Santiago Carrillo 0-0: Ball
Steve Gates is caught stealing 2nd base 2-6
1-0: Ball
2-0: Called Strike
2-1: Called Strike
2-2: Foul Ball, location: 2F
2-2: Foul Ball, location: 2F
2-2: Ball
3-2: Foul Ball, location: 2F
3-2: Foul Ball, location: 2F
3-2: Base on Balls
Batting: RHB Marco Maggs 0-0: Called Strike
0-1: Foul Ball, location: 2F
0-2: Ball
1-2: Fielders Choice at 2nd, 6-4 (Groundball, 6, EV 85.6 MPH)
Bottom of the 3rd over - 0 runs, 1 hit, 0 errors, 1 left on base; Wichita State University 6 - Clemson University 2
TOP OF THE 4TH
Wichita State University Shockers batting - Pitching for Clemson University Tigers : RHP Quintin Duncombe
Pitching: LHP Jonathan Hughes
Batting: SHB Peter Faggard 0-0: Called Strike
0-1: Swinging Strike
0-2: Ball
1-2: SINGLE (Line Drive, 7S, EV 86.9 MPH)
Batting: RHB Kyle Gill 0-0: Ball
1-0: Foul Ball, location: 2F
1-1: Called Strike
1-2: Strikes out swinging
Batting: RHB Alex Zeledon 0-0: Ball
1-0: Called Strike
Peter Faggard steals 2nd base
1-1: Foul Ball, location: 2F
1-2: Foul Ball, location: 2F
1-2: Strikes out swinging, 2-3 out at first.
Batting: LHB Carlos Flores 0-0: Called Strike
0-1: Ground out U3 (Groundball, 3, EV 80.0 MPH)
Top of the 4th over - 0 runs, 1 hit, 0 errors, 1 left on base; Wichita State University 6 - Clemson University 2
BOTTOM OF THE 4TH
Clemson University Tigers batting - Pitching for Wichita State University Shockers : RHP Kyle Gray
Batting: RHB Josh LeSage 0-0: Ball
1-0: SINGLE (Line Drive, 9LS, EV 98.8 MPH)
Batting: LHB Jochen Salt 0-0: Ball
1-0: Grounds into double play, 4-6-3 (Groundball, 34, EV 78.1 MPH)
Batting: RHB Jason Duncan 0-0: Ball
1-0: Ball
2-0: Fly out, F7 (Flyball, 7D, EV 104.4 MPH)
Bottom of the 4th over - 0 runs, 1 hit, 0 errors, 0 left on base; Wichita State University 6 - Clemson University 2
TOP OF THE 5TH
Wichita State University Shockers batting - Pitching for Clemson University Tigers : LHP Jonathan Hughes
Batting: RHB Jason Adelstein 0-0: Ground out 5-3 (Groundball, 5S, EV 81.9 MPH)
Batting: RHB Lucio Baratta 0-0: Called Strike
0-1: Foul Ball, location: 2F
0-2: Foul Ball, location: 2F
0-2: Ball
1-2: Strikes out swinging
Batting: RHB Jeff Grant 0-0: Reached on error, E5 (Groundball, 56S, EV 76.2 MPH)
Batting: LHB Kyle Lee 0-0: Ball
1-0: Ball
2-0: Called Strike
2-1: Ball
3-1: Foul Ball, location: 2F
3-2: Foul Ball, location: 2F
3-2: Base on Balls
Batting: SHB Mike Chafe 0-0: 3-RUN HOME RUN (Line Drive, 78XD, EV 106.9 MPH), Distance : 414 ft
Batting: SHB Peter Faggard 0-0: Called Strike
0-1: Swinging Strike
0-2: Ball
1-2: Fly out, F9 (Line Drive, 89D, EV 93.8 MPH)
Top of the 5th over - 3 runs, 1 hit, 1 error, 0 left on base; Wichita State University 9 - Clemson University 2
BOTTOM OF THE 5TH
Clemson University Tigers batting - Pitching for Wichita State University Shockers : RHP Kyle Gray
Batting: LHB Alfredo Padilla 0-0: Ground out 4-3 (Groundball, 4D, EV 98.1 MPH)
Batting: RHB Willis Suarez 0-0: Called Strike
0-1: Ball
1-1: SINGLE (Groundball, 6D, EV 108.1 MPH)
Batting: RHB Danny Gutierrez 0-0: Swinging Strike
0-1: Ball
1-1: Ground out 6-3 (Groundball, P, EV 86.9 MPH)
Willis Suarez to second
Batting: LHB Steve Gates 0-0: Ball
1-0: Ball
2-0: Ball
3-0: Called Strike
3-1: Ground out 4-3 (Groundball, 4D, EV 96.2 MPH)
Bottom of the 5th over - 0 runs, 1 hit, 0 errors, 1 left on base; Wichita State University 9 - Clemson University 2
TOP OF THE 6TH
Wichita State University Shockers batting - Pitching for Clemson University Tigers : LHP Jonathan Hughes
Pitching: RHP David Padron
Batting: RHB Kyle Gill 0-0: Ball
1-0: Ball
2-0: Foul Ball, location: 2F
2-1: Foul Ball, location: 2F
2-2: Fly out, F7 (Flyball, 78M, EV 89.4 MPH)
Batting: RHB Alex Zeledon 0-0: Fly out, F7 (Line Drive, 7D, EV 89.4 MPH)
Batting: LHB Carlos Flores 0-0: Ball
1-0: Ball
2-0: Foul Ball, location: 2F
2-1: Ball
3-1: Called Strike
3-2: Foul Ball, location: 2F
3-2: SINGLE (Groundball, 3D, EV 103.8 MPH)
Batting: RHB Jason Adelstein 0-0: Swinging Strike
0-1: Ball
1-1: Ball
2-1: Called Strike
2-2: DOUBLE (Line Drive, 89D, EV 99.4 MPH)
Carlos Flores to third
Runner from 3rd tries for Home, SAFE, throw by CF to home
Pitching: RHP Dustin DeMent
Batting: RHB Lucio Baratta 0-0: Called Strike
0-1: Foul Ball, location: 2F
0-2: Ball
1-2: 2-RUN HOME RUN (Flyball, 7LD, EV 96.2 MPH), Distance : 343 ft
Batting: RHB Jeff Grant 0-0: Called Strike
0-1: Ball
1-1: Foul Ball, location: 2F
1-2: Fly out, F9 (Flyball, 89S, EV 77.5 MPH)
Top of the 6th over - 3 runs, 3 hits, 0 errors, 0 left on base; Wichita State University 12 - Clemson University 2
BOTTOM OF THE 6TH
Clemson University Tigers batting - Pitching for Wichita State University Shockers : RHP Kyle Gray
Batting: LHB Santiago Carrillo 0-0: Ball
1-0: Fly out, F8 (Line Drive, 8RD, EV 96.9 MPH)
Batting: RHB Marco Maggs 0-0: Called Strike
0-1: Ball
1-1: DOUBLE (Line Drive, 9LM, EV 107.5 MPH)
Batting: RHB Josh LeSage 0-0: Ball
1-0: Called Strike
1-1: Foul Ball, location: 3F, Error on foul ball, E3
1-2: Ball
2-2: Ball
3-2: Foul Ball, location: 2F
3-2: SINGLE (Flyball, 8RS, EV 98.1 MPH)
Marco Maggs to third
Runner from 3rd tries for Home, SAFE, throw by CF to home
Pitching: LHP Rusty Estes
Now in CF: Joe Succo
Batting: LHB Jochen Salt 0-0: Ball
1-0: Fly out, F8 (Line Drive, 8LM, EV 91.9 MPH)
Batting: RHB Jason Duncan 0-0: Ball
1-0: Foul Ball, location: 2F
1-1: Fielders Choice at 2nd, 6-4 (Groundball, 6, EV 94.4 MPH)
Bottom of the 6th over - 1 run, 2 hits, 1 error, 1 left on base; Wichita State University 12 - Clemson University 3
TOP OF THE 7TH
Wichita State University Shockers batting - Pitching for Clemson University Tigers : RHP Dustin DeMent
Pinch Hitting: RHB Rick McGrath 0-0: Ground out 6-3 (Groundball, 56, EV 88.1 MPH)
Batting: SHB Mike Chafe 0-0: Called Strike
0-1: Foul Ball, location: 2F
0-2: Ball
1-2: Foul Ball, location: 2F
1-2: Ground out 6-3 (Groundball, 6, EV 80.6 MPH)
Batting: SHB Peter Faggard 0-0: Ball
1-0: Ball
2-0: Called Strike
2-1: Fly out, F7 (Flyball, 78M, EV 76.9 MPH)
Top of the 7th over - 0 runs, 0 hits, 0 errors, 0 left on base; Wichita State University 12 - Clemson University 3
BOTTOM OF THE 7TH
Clemson University Tigers batting - Pitching for Wichita State University Shockers : LHP Rusty Estes
Now at 1B: Rick McGrath
Batting: LHB Alfredo Padilla 0-0: Ball
1-0: DOUBLE (Flyball, 89D, EV 111.2 MPH) - OUT at third base trying to stretch hit.
Batting: RHB Willis Suarez 0-0: Ball
1-0: Foul Ball, location: 2F
1-1: Foul Ball, location: 2F
1-2: Fly out, F8 (Flyball, 8LM, EV 88.8 MPH)
Batting: RHB Danny Gutierrez 0-0: Foul Ball, location: 2F
0-1: Foul Ball, location: 2F
0-2: Ground out 4-3 (Groundball, 4S, EV 89.4 MPH)
Bottom of the 7th over - 0 runs, 1 hit, 0 errors, 0 left on base; Wichita State University 12 - Clemson University 3
TOP OF THE 8TH
Wichita State University Shockers batting - Pitching for Clemson University Tigers : RHP Dustin DeMent
Batting: RHB Joe Succo 0-0: Swinging Strike
0-1: Ball
1-1: Ball
2-1: Ball
3-1: Fly out, F5 (Popup, 56, EV 66.9 MPH)
Batting: RHB Alex Zeledon 0-0: Called Strike
0-1: Ball
1-1: Ground out 5-3 (Groundball, 15, EV 85.6 MPH)
Batting: LHB Carlos Flores 0-0: Ball
1-0: Ball
2-0: Foul Ball, location: 2F
2-1: Ball
3-1: Base on Balls
Batting: RHB Jason Adelstein 0-0: Ball
1-0: Fly out, F8 (Flyball, 8LD, EV 106.2 MPH)
Top of the 8th over - 0 runs, 0 hits, 0 errors, 1 left on base; Wichita State University 12 - Clemson University 3
BOTTOM OF THE 8TH
Clemson University Tigers batting - Pitching for Wichita State University Shockers : LHP Rusty Estes
Pinch Hitting: LHB Tony Rivera 0-0: Ball
1-0: Called Strike
1-1: Foul Ball, location: 2F
1-2: SINGLE (Groundball, 34D, EV 108.8 MPH)
Pinch Hitting: LHB David Fiedler 0-0: Foul Ball, location: 2F
0-1: Called Strike
0-2: DOUBLE (Line Drive, 9LM, EV 113.8 MPH)
Tony Rivera to third
Runner from 3rd tries for Home, SAFE, throw by RF to home
Pitching: LHP Jacob Seymour
Batting: RHB Marco Maggs 0-0: Ball
1-0: Called Strike
1-1: Foul Ball, location: 2F
1-2: Strikes out swinging
Batting: RHB Josh LeSage 0-0: Called Strike
0-1: Swinging Strike
0-2: Ball
1-2: Foul Ball, location: 2F
1-2: SINGLE (Line Drive, 7S, EV 94.4 MPH)
David Fiedler to third
Runner from 3rd tries for Home, SAFE, throw by LF to home
Batting: LHB Jochen Salt 0-0: Ball
1-0: Swinging Strike
1-1: Ball
2-1: Ball
3-1: Fly out, F7 (Flyball, 7D, EV 79.4 MPH)
Batting: RHB Jason Duncan 0-0: Ball
1-0: Ball
2-0: Called Strike
2-1: Foul Ball, location: 2F
2-2: DOUBLE (Flyball, 89D, EV 104.4 MPH)
Josh LeSage to third
Runner from 3rd tries for Home, SAFE, no throw by CF
Batting: LHB Alfredo Padilla 0-0: Called Strike
0-1: Foul Ball, location: 2F
0-2: SINGLE (Line Drive, 9LS, EV 108.1 MPH)
Jason Duncan to third
Runner from 3rd tries for Home, SAFE, throw by RF to home
Pitching: RHP Keith Wilder
Batting: RHB Willis Suarez 0-0: Called Strike
0-1: Called Strike
0-2: Strikes out swinging
Bottom of the 8th over - 4 runs, 5 hits, 0 errors, 1 left on base; Wichita State University 12 - Clemson University 7
TOP OF THE 9TH
Wichita State University Shockers batting - Pitching for Clemson University Tigers : RHP Dustin DeMent
Pitching: RHP Trevor Doyle
Now at 1B: David Fiedler
Now in RF: Tony Rivera
Batting: RHB Lucio Baratta 0-0: Ball
1-0: Called Strike
1-1: Called Strike
1-2: Ball
2-2: Ball
3-2: DOUBLE (Flyball, 8LXD, EV 100.0 MPH)
Batting: RHB Jeff Grant 0-0: Foul Ball, location: 2F
0-1: Ball
1-1: Foul Ball, location: 2F
1-2: Foul Ball, location: 2F
1-2: Ball
2-2: Foul Ball, location: 2F
2-2: Foul Ball, location: 2F
2-2: Foul Ball, location: 2F
2-2: SINGLE (Line Drive, 7LM, EV 105.0 MPH)
Lucio Baratta to third
Batting: RHB Rick McGrath 0-0: Ball
1-0: Called Strike
1-1: Ball
2-1: Called Strike
2-2: Strikes out looking
Batting: SHB Mike Chafe 0-0: Foul Ball, location: 2F
0-1: Ball
1-1: Called Strike
1-2: Grounds into double play, 6-4-3 (Groundball, 6, EV 89.4 MPH)
Top of the 9th over - 0 runs, 2 hits, 0 errors, 1 left on base; Wichita State University 12 - Clemson University 7
BOTTOM OF THE 9TH
Clemson University Tigers batting - Pitching for Wichita State University Shockers : RHP Keith Wilder
Pinch Hitting: LHB George Jedinak 0-0: Foul Ball, location: 2F
0-1: Called Strike
0-2: Ball
1-2: Ball
2-2: Strikes out swinging
Pinch Hitting: LHB Mario Nunez 0-0: Ball
1-0: Ball
2-0: Ground out 4-3 (Groundball, 4, EV 90.6 MPH)
Batting: LHB David Fiedler 0-0: Called Strike
0-1: Foul Ball, location: 2F
0-2: Ball
1-2: Ball
2-2: Foul Ball, location: 2F
2-2: Ball
3-2: Foul Ball, location: 2F
3-2: Foul Ball, location: 2F
3-2: Foul Ball, location: 2F
3-2: Foul Ball, location: 2F
3-2: Foul Ball, location: 2F
3-2: SINGLE (Groundball, 34D, EV 98.8 MPH)
Batting: RHB Marco Maggs 0-0: Ball
1-0: Ball
2-0: Ball
3-0: Called Strike
3-1: Called Strike
3-2: Strikes out swinging
Bottom of the 9th over - 0 runs, 1 hit, 0 errors, 1 left on base; Wichita State University 12 - Clemson University 7
Sunday, July 16th , 2023 - OOTP Baseball 24.6 Build 69